 Dungeon Crawl Stone Soup version 0.28-a0-465-ge2dae52223 (webtiles) character file.

Game seed: 447777708002098010

1324 josh86 the Chiller (level 8, 0/57 HPs)
             Began as a Barachi Ice Elementalist on Sept 14, 2021.
             Was a Believer of Qazlal.
             Slain by an orc (8 damage)
             ... on level 4 of the Dungeon.
             The game lasted 01:04:04 (5849 turns).

josh86 the Chiller (Barachi Ice Elementalist)       Turns: 5849, Time: 01:04:04

Health: 0/57       AC:  2    Str:  9    XL:     8   Next: 60%
Magic:  16/16      EV: 13    Int: 17    God:    Qazlal [**....]
Gold:   151        SH:  3    Dex: 14    Spells: 11/18 levels left

rFire   . . .      SeeInvis .   g - +4 falchion (freeze)
rCold   . . .      Faith    .   (no shield)
rNeg    . . .      Spirit   .   a - +0 robe
rPois   .          Reflect  .   (no helmet)
rElec   .          Harm     .   (no cloak)
rCorr   .          Rampage  .   (no gloves)
Will    .....                   (no boots)
Stlth   ++........              (no amulet)
HPRegen 0.19/turn               (no ring)
MPRegen 0.15/turn               (no ring)

@: mighty, unable to hop, slow
A: amphibious, slowness 1, strong legs 1, +LOS
a: Hop, Renounce Religion, Upheaval


You were on level 4 of the Dungeon.
You worshipped Qazlal.
Qazlal was pleased with you.
You visited 1 branch of the dungeon, and saw 4 of its levels.
You also visited: Ossuary.

You collected 151 gold pieces.

Inventory:

Hand Weapons
 g - a +4 falchion of freezing (weapon)
Armour
 a - a +0 robe (worn)
Scrolls
 h - a scroll of torment
 p - a scroll of magic mapping
Potions
 d - 2 potions of curing {unknown}
 f - a potion of resistance {unknown}
 i - a potion of cancellation {unknown}
 j - a potion of brilliance {unknown}
 k - a potion of might
 n - 2 potions of degeneration {unknown}
 o - a potion of lignification {unknown}


   Skills:
 + Level 2.8 Fighting
 + Level 4.9 Long Blades
 + Level 4.6 Dodging
 + Level 2.6 Stealth
 + Level 2.0 Shields
 + Level 5.8 Spellcasting
 + Level 7.6 Ice Magic
 + Level 0.3 Invocations


You had 11 spell levels left.
You knew the following spells:

 Your Spells              Type           Power      Damage    Failure   Level
a - Freeze                Ice            100%       1d11      1%          1
b - Frozen Ramparts       Ice            60%        1d8       1%          3
c - Ozocubu's Armour      Ice            30%        N/A       1%          3

Your spell library contained the following spells:

 Spells                   Type           Power      Damage    Failure   Level
 Magic Dart               Conj           16%        1d3       13%         1
 Searing Ray              Conj           8%         2d4       21%         2
 Hailstorm                Conj/Ice       17%        3d6       26%         4
 Fulminant Prism          Conj/Hex       2%         3d6       78%         4


Dungeon Overview and Level Annotations

Branches:
Dungeon (4/15)             Temple (0/1) D:4         Ossuary (visited)

Altars:
Qazlal

Shops:
D:3 [


Innate Abilities, Weirdness & Mutations

You are amphibious.
You cover ground slowly.
You can hop short distances.
You have an extended range of vision and can be seen from far away.


Message History

The orc hits you with a +0 trident.
* * * LOW HITPOINT WARNING * * *
Something hits you.
* * * LOW HITPOINT WARNING * * *
Hop to where?
Press: ? - help, Dir - move target Boing!
You feel very mighty all of a sudden. The orc hits you with a +0 dagger.
* * * LOW HITPOINT WARNING * * *
You closely miss the orc. The orc hits you with a +0 dagger.
* * * LOW HITPOINT WARNING * * *
You barely miss the orc. The orc hits you with a +0 dagger.
* * * LOW HITPOINT WARNING * * *
The orc barely misses you.
As you read the scroll of summoning, it crumbles to dust.
Wisps of shadow whirl around you... The orc hits you with a +0 dagger.
* * * LOW HITPOINT WARNING * * *
The orc barely misses you.
Something hits your quokka but does no damage.
Your endoplasm hits the orc.
Your quokka bites the orc but does no damage.
Something hits your quokka but does no damage.
The orc completely misses you.
An orc is nearby!
Your quokka bites the orc.
Your quokka closely misses something.
Your quokka bites something.
Your kobold hits the orc with a +0 dagger.
The orc misses your kobold.
Something completely misses your quokka.
Your quokka barely misses the orc.
Something closely misses your quokka.
Your kobold hits the orc but does no damage.
The orc misses your kobold.
Your kobold closely misses the orc.
Your quokka bites something but does no damage.
As you read the scroll of enchant weapon, it crumbles to dust.
Your +3 falchion of freezing glows red for a moment.
The orc hits you from afar with a +0 trident!
You die...

.##.# ##......................#
.##.# #......................#
....# #......................#
....# ###.....................##
....###.................#....####
.####8..###..........####.####...
#...##..#######..########.# #.8⌠
#..###.........○.......##.####...
......#########.@#####...).....8⌠
.....#....## #.K..######.####...
....#####..# #o##..#####.####.8⌠
##...8####.# #.###...##.........
##......##.# #r# ###..#.........
#....#.##.# #.# ##.#<....#...
##..o.....####o## #.#.#.......
#....#.#..).##.<# #........#..
#.#....)....J##.# #...........


You could see 2 orcs, a friendly quokka (summoned) and a friendly kobold
(summoned).

Vanquished Creatures
  Pikel (D:3)
  A wraith (Ossuary)
  Eustachio (D:4)
  Duvessa (D:4)
  An ogre (D:4)
  A phantom (D:3)
  A lemure (D:3)
  A water moccasin skeleton (D:4)
  Dowan (D:4)
  2 jellies (D:4)
  An iguana (D:4)
  A mummy (Ossuary)
  4 worms
  4 dart slugs
  7 orcs
  6 ball pythons
  6 endoplasms
  2 giant cockroaches
  6 goblins
  7 hobgoblins
  3 jackals (D:4)
  6 kobolds
  2 quokkas
  4 bats
  4 frilled lizards
  7 gnoll skeletons (Ossuary)
  9 kobold skeletons (Ossuary)
  9 orc skeletons (Ossuary)
  4 rats
103 creatures vanquished.

Vanquished Creatures (others)
  3 plants (D:4)
3 creatures vanquished.

Grand Total: 106 creatures vanquished

Notes
Turn   | Place    | Note
-------+----------+-------------------------------------------
     0 | D:1      | josh86 the Barachi Ice Elementalist began the quest for the
                  | Orb.
     0 | D:1      | Reached XP level 1. HP: 13/13 MP: 3/3
    89 | D:1      | Reached skill level 5 in Ice Magic
   122 | D:1      | Reached XP level 2. HP: 7/19 MP: 0/5
   469 | D:1      | Found a faded altar of an unknown god.
   511 | D:1      | Became a worshipper of Qazlal Stormbringer
   511 | D:1      | Reached * piety under Qazlal
  1005 | D:2      | Found a stormy altar of Qazlal.
  1007 | D:2      | Reached XP level 3. HP: 24/24 MP: 3/6
  1702 | D:2      | Learned a level 3 spell: Frozen Ramparts
  1706 | D:2      | Learned a level 3 spell: Ozocubu's Armour
  1938 | D:2      | Reached ** piety under Qazlal
  2034 | D:3      | Reached XP level 4. HP: 18/30 MP: 6/8
  2382 | D:3      | Found a glowing drain.
  2534 | D:3      | Found Jipsal's Antique Armour Boutique.
  3359 | D:4      | Reached skill level 1 in Long Blades
  3363 | D:4      | Reached XP level 5. HP: 12/36 MP: 2/10
  3434 | D:4      | Noticed an ogre
  3836 | D:4      | Killed an ogre
  3837 | D:4      | Reached skill level 6 in Ice Magic
  3837 | D:4      | Reached XP level 6. HP: 42/42 MP: 2/11
  3858 | D:4      | Found a sand-covered staircase.
  3868 | Ossuary  | Entered an ossuary
  3868 | Ossuary  | Noticed a wraith
  3868 | Ossuary  | Noticed a wraith
  3868 | Ossuary  | Noticed a wraith
  4014 | Ossuary  | Reached skill level 1 in Fighting
  4040 | Ossuary  | Reached *** piety under Qazlal
  4057 | Ossuary  | Noticed a wraith
  4083 | Ossuary  | Killed a wraith
  4084 | Ossuary  | Reached skill level 1 in Shields
  4373 | D:4      | Reached XP level 7. HP: 40/48 MP: 13/13
  4520 | D:4      | Noticed Dowan
  4521 | D:4      | Noticed Pikel
  4882 | D:3      | Killed Pikel
  4883 | D:3      | Reached skill level 5 in Spellcasting
  4883 | D:3      | Reached skill level 7 in Ice Magic
  4883 | D:3      | Reached XP level 8. HP: 10/57 MP: 8/15
  5142 | D:4      | Killed Dowan
  5263 | D:4      | Noticed Duvessa
  5277 | D:4      | Killed Duvessa
  5318 | D:4      | Found a staircase to the Ecumenical Temple.
  5574 | D:4      | Noticed Eustachio
  5591 | D:4      | Killed Eustachio
  5849 | D:4      | Slain by an orc

Illustrated notes

Levels and vault maps discovered:
D:1:      pf_arrival_petrified_forest, layout_rooms,
          hellmonk_ecumenical_altar_slurped_away, minivault_23
D:2:      layout_basic, basic_altar
D:3:      layout_loops_corners, serial_shops, shop, portal_sewer_entry_b,
          minmay_door_square
D:4:      layout_rooms, minmay_temple_entry_drinking_statues,
          lightli_ossuary_entry_decrepit_ruins, serial_forest,
          infiniplex_forest_corner_2, infiniplex_forest_lined_room_2,
          infiniplex_forest_lined_2, infiniplex_forest_clump_long,
          infiniplex_forest_end_3, uniq_duvessa, uniq_eustachio, uniq_pikel

Skill      XL: |  1  2  3  4  5  6  7  8 |
---------------+-------------------------+-----
Ice Magic      | 5 6 7 |  7.6
Spellcasting   | 3 4 5 |  5.8
Stealth        | 2 |  2.6
Long Blades    | 1 2 3 4 |  4.9
Dodging        | 3 4 |  4.6
Fighting       | 1 2 |  2.8
Shields        | 1 2 |  2.0
Invocations    | |  0.3

Action                   |  1- 3 |  4- 6 |  7- 9 || total
-------------------------+-------+-------+-------++-------
Melee: Unarmed           |    13 |       |       ||    13
       Falchion          |    19 |   120 |    72 ||   211
 Cast: Freeze            |    42 |    14 |    15 ||    71
       Frozen Ramparts   |     2 |     6 |     6 ||    14
       Ozocubu's Armour  |       |     7 |     6 ||    13
Invok: Upheaval          |       |       |     1 ||     1
 Abil: Hop               |     1 |     4 |     3 ||     8
  Use: Scroll            |     4 |     6 |     6 ||    16
       Potion            |       |       |     4 ||     4
Armor: Robe              |    19 |    39 |    26 ||    84
Dodge: Dodged            |    34 |    97 |    70 ||   201
Block: Other             |       |    21 |    16 ||    37

Table legend: (Time is in decaauts)
 A = Elapsed time spent in this place.
 B = Non-inter-level travel time spent in this place.
 C = Inter-level travel time spent in this place.
 D = Time resting spent in this place.
 E = Time spent auto-exploring this place.
 F = Levels seen in this place.
 G = Mean time per level.
                   A        B        C        D        E       F      G
               +--------+--------+--------+--------+--------+-----+--------+
         Total |   6488 |   6047 |    441 |   1147 |   3475 |   5 | 1297.6 |
       Dungeon |   6151 |   5710 |    441 |   1131 |   3475 |   4 | 1537.8 |
       Ossuary |    337 |    337 |      0 |     16 |      0 |   1 |  337.0 |
               +--------+--------+--------+--------+--------+-----+--------+

Top non-repeatable levels by time:
     D:3: 2488 daAuts
     D:4: 1459 daAuts
     D:2: 1169 daAuts
     D:1: 1034 daAuts
 Ossuary: 337 daAuts
